 Dungeon Crawl Stone Soup version 0.15-a0-1230-gf41e293 (webtiles) character file.

112 MrVile the Cudgeler (level 4, -2/44 HPs)
             Began as an Ogre Assassin on June 3, 2014.
             Killed from afar by Sigmund (9 damage)
             ... with a puff of flame
             ... on Level 2 of the Dungeon.
             The game lasted 00:08:48 (1575 turns).

MrVile the Cudgeler (Ogre Assassin)                 Turns: 1575, Time: 00:08:48

HP  -2/44        AC  4     Str 16      XL: 4   Next: 93%
MP   4/4         EV  9     Int 10      God:
Gold 97          SH  0     Dex 12      Spells:  0 memorised,  3 levels left

rFire  . . .     SeeInvis +     a - +2 club
rCold  . . .     Clarity  .     c - +0 robe
rNeg   . . .     rCorr    .     (shield restricted)
rPois  .         rRot     .     (helmet restricted)
rElec  .         Spirit   .     d - +0 cloak
SustAb .         Warding  .     (gloves unavailable)
rMut   .         Stasis   .     (boots unavailable)
Gourm  .                        (no amulet)
MR     .....                    (no ring)
                                u - ring of see invisible

@: not resistant to hostile enchantments, unstealthy
A: unfitting armour, tough skin 1
a: no special abilities


You were on level 2 of the Dungeon.
You were hungry.

You visited 1 branch of the dungeon, and saw 2 of its levels.

You collected 97 gold pieces.

Inventory:

Hand weapons
 a - a +2,+2 club (weapon)
 b - a +0 blowgun
Missiles
 e - 21 poisoned needles
 f - 2 curare-tipped needles
 i - a throwing net (quivered)
Armour
 c - a +0 robe (worn)
 d - a +0 cloak (worn)
Comestibles
 g - 2 meat rations
 j - a beef jerky
 m - a bread ration
Scrolls
 h - 2 scrolls of teleportation {unknown}
 n - 2 scrolls of identify {unknown}
 o - a scroll of recharging {unknown}
 q - 2 scrolls of remove curse {unknown}
 r - 3 scrolls of enchant weapon II {unknown}
 s - a scroll of noise {unknown}
 v - a scroll of blinking {unknown}
 w - a scroll of immolation {unknown}
Jewellery
 u - a ring of see invisible (left hand)
Potions
 k - 2 potions of brilliance {unknown}
 l - 4 potions of heal wounds {unknown}
 p - a potion of restore abilities {unknown}
 t - a potion of curing {unknown}


   Skills:
 - Level 2.8 Fighting
 * Level 5.5 Maces & Flails
 - Level 2.1 Throwing
 - Level 1.0 Dodging
 + Level 3.9 Stealth


You had 3 spell levels left.
You didn't know any spells.

Dungeon Overview and Level Annotations

Branches:
Dungeon (2/15)

Altars:
Okawaru

Annotations:
D:2 Sigmund


Innate Abilities, Weirdness & Mutations

You are too large for most types of armour.
You have tough skin (AC +1).


Message History

There is an open door here.
A kobold opens the door.
You close the door.
A kobold opens the door.
Things that are here:
a club; a kobold skeleton
There is an open door here.
You close the door.
A kobold opens the door.
There is an open door here.
You close the door.
A kobold opens the door.
There isn't anything here!
You open the door.
There is an open door here.
You close the door.
Sigmund asks, "Do you like me?" Sigmund casts a spell at you.
The puff of flame hits you!
You die...

#.# ###......####'#
#.####..............
#..#...##.##........
##..@..#.[.#........
##.#........)......
#.#...._..........
#.#...............
#.#..#...#........
#@##.##.##.####'##
#####+##.......# #..#
#....K.......#####'###
#..........###.....(.#
#.........## #.K.....+
#.........####.)....(#
#......)..'..'.......#
#........%####.......#
########### #########


You could see Sigmund (invisible).

Vanquished Creatures
  Jessica (D:2)
  4 adders (D:2)
  2 worms
  6 bats
  2 giant cockroaches (D:2)
  8 hobgoblins
  5 kobolds
  A quokka (D:2)
  A giant gecko (D:2)
  5 giant newts
  3 goblins
  2 jackals (D:2)
  7 rats
47 creatures vanquished.

Notes
Turn   | Place    | Note
--------------------------------------------------------------
     0 | D:1      | MrVile, the Ogre Assassin, began the quest for the Orb.
     0 | D:1      | Reached XP level 1. HP: 22/22 MP: 1/1
     0 | D:1      | Noticed a troll
     3 | D:1      | Noticed a ghoul
     5 | D:1      | Noticed a human
     7 | D:1      | Noticed a vampire
    11 | D:1      | Noticed a draconian
    14 | D:1      | Noticed a spriggan
    15 | D:1      | Noticed a centaur
    15 | D:1      | Noticed a formicid
    17 | D:1      | Noticed a formicid
    19 | D:1      | Noticed a vampire
    19 | D:1      | Noticed a spriggan
    21 | D:1      | Noticed a naga
    35 | D:1      | Reached skill level 1 in Dodging
    61 | D:1      | Reached XP level 2. HP: 18/29 MP: 2/2
   632 | D:1      | Reached skill level 4 in Maces & Flails
   632 | D:1      | Reached XP level 3. HP: 29/36 MP: 3/3
   841 | D:2      | Found an iron altar of Okawaru.
  1261 | D:2      | Reached XP level 4. HP: 35/44 MP: 4/4
  1328 | D:2      | Reached skill level 5 in Maces & Flails
  1443 | D:2      | Noticed Jessica
  1453 | D:2      | Killed Jessica
  1526 | D:2      | Noticed Sigmund
  1534 | D:2      | HP: 2/44 [Sigmund/puff of flame (9)]
  1575 | D:2      | Killed from afar by Sigmund

Action                   |  1- 3 |  4- 6 || total
-------------------------+-------+-------++-------
Melee: Club              |   125 |    31 ||   156
 Fire: Blowgun           |     4 |       ||     4
 Stab: Sleeping          |     2 |       ||     2
